 Dungeon Crawl Stone Soup version 0.20.2-3-g29329e0561 (webtiles) character file.

4232 Alfie the Slicer (level 10, -5/86 HPs)
             Began as a Hill Orc Fighter on Jan 15, 2024.
             Killed from afar by a hell hound (8 damage)
             ... with a blast of flame
             ... on level 8 of the Dungeon.
             The game lasted 00:17:57 (6674 turns).

Alfie the Slicer (Hill Orc Fighter)                 Turns: 6674, Time: 00:17:57

Health: -5/86      AC: 12    Str: 26    XL:     10   Next: 30%
Magic:  10/10      EV: 10    Int:  8    God:
Gold:   420        SH: 11    Dex: 10    Spells: 7/9 levels left

rFire    . . .     SeeInvis +   a - +3 rapier
rCold    . . .     Gourm    .   c - +0 shield
rNeg     . . .     Faith    .   b - +1 scale mail
rPois    .         Spirit   .   C - +1 helmet
rElec    .         Reflect  .   (no cloak)
rCorr    .         Harm     .   (no gloves)
MR       .....                  w - +0 pair of boots
Stlth    ..........             (no amulet)
Regen    0.3/turn               v - +3 ring of strength
MPRegen  0.2/turn               t - ring of see invisible

@: drained
A: no striking features
a: no special abilities


You were on level 8 of the Dungeon.
You were not hungry.

You visited 1 branch of the dungeon, and saw 8 of its levels.
You also visited: Ossuary.

You collected 420 gold pieces.

Inventory:

Hand Weapons
 a - a +3 rapier (weapon)
Missiles
 j - 4 tomahawks (quivered)
Armour
 b - a +1 scale mail (worn)
 c - a +0 shield (worn)
 e - a +0 cloak
 w - a +0 pair of boots (worn)
 C - a +1 helmet (worn)
Jewellery
 g - an uncursed ring of flight
 t - a ring of see invisible (right hand)
 v - a +3 ring of strength (left hand)
 x - an uncursed ring of resist corrosion {unknown}
 F - an uncursed ring of wizardry {unknown}
Wands
 i - a wand of iceblast (6/15)
Scrolls
 k - 4 scrolls of amnesia
 l - 3 scrolls of enchant weapon
 n - 2 scrolls of magic mapping
 p - 3 scrolls of remove curse
 y - 2 scrolls of blinking {unknown}
 B - a scroll of fog {unknown}
 D - a scroll of fear
 E - a scroll of immolation {unknown}
 H - a scroll of teleportation
Potions
 d - a potion of degeneration {unknown}
 h - 2 potions of resistance
 m - a potion of magic
 o - 2 potions of haste
 q - 4 potions of flight
 r - 3 potions of heal wounds
 s - a potion of ambrosia {unknown}
 z - a potion of agility {unknown}
 A - a potion of might
 I - 4 potions of lignification {unknown}
Comestibles
 f - a bread ration
 u - a meat ration


   Skills:
 + Level 7.6(7.5) Fighting
 + Level 9.4(9.3) Short Blades
 + Level 1.0 Throwing
 + Level 7.5(7.4) Armour
 + Level 3.5(3.4) Dodging
 + Level 0.8(0.7) Stealth
 + Level 7.5(7.4) Shields


You had 7 spell levels left.
You knew the following spells:

 Your Spells              Type           Power        Failure   Level  Hunger
a - Shock                 Conj/Air       #...         94%         1    ##.....
b - Confusing Touch       Hex            #.....       94%         1    ##.....


Dungeon Overview and Level Annotations

Branches:
Dungeon (8/15)             Temple (0/1) D:4            Lair (0/6) D:8

Altars:
Ashenzari
Dithmenos
Gozag
Hepliaklqana
Makhleb
Nemelex Xobeh
Okawaru
Ru
Zin
The Shining One

Annotations:
D:8 Gastronok


Message History

* * * LOW HITPOINT WARNING * * *
You block the hell hound's attack.
A scorpion comes into view.
You block the hell hound's attack. x2
The hell hound breathes flames at you. The blast of flame misses you.
The hell hound bites you!
* * * LOW HITPOINT WARNING * * *
You hit the hell hound but do no damage.
The hell hound is moderately wounded.
The hell hound bites you but does no damage.
You closely miss the hell hound.
The hell hound is moderately wounded.
You block the hell hound's attack.
You closely miss the hell hound.
The hell hound is moderately wounded.
The hell hound breathes flames at you.
The blast of flame hits the hell hound.
The hell hound completely resists.
The blast of flame hits you!
You die...

.# .≈w
.##..≈≈§≈≈≈..##
.##..§≈..≈≈..:# #
.##.§≈≈§>.≈≈..# .#
.##..≈§≈≈.≈§..# .#
.##...≈≈§≈§§§.####.#
.# #....≈≈≈§§......#
.###.........####.#
..............hh@#
#####.........s##.#
#..#####.#.# #.#
.....# #.#.# .#
#..... ..#.. .
#.##.## ####.## #.
#. #.# #.# .# #. ...
#.# #


You could see 2 hell hounds and a scorpion.

Vanquished Creatures
  Pikel (D:6)
  The ghost of Alfie the Cutter, a novice HOFi (D:5)
  Grinder (D:6)
  Eustachio (D:5)
  Menkaure (D:4)
  An ice beast (D:5)
  A sky beast (D:7)
  4 phantoms
  An ogre (D:3)
  A centaur (D:6)
  Blork the orc (D:6)
  A bullfrog (D:7)
  An elf zombie (Ossuary)
  2 scorpions (D:6)
  10 killer bees
  A howler monkey (D:6)
  10 wights (D:7)
  2 hounds (D:6)
  Crazy Yiuf (D:4)
  2 bullfrog zombies (D:6)
  2 orc priests
  A bullfrog skeleton (D:6)
  2 iguanas (D:7)
  2 orc wizards
  6 worker ants
  4 big kobold zombies (Ossuary)
  3 hound zombies
  2 hound skeletons
  3 mummies (Ossuary)
  Robin (D:4)
  4 gnolls
  10 adders
  An ooze (D:4)
  8 adder zombies (Ossuary)
  An adder skeleton (D:6)
  2 worms
  4 dart slugs
  3 leopard geckos
  18 orcs
  A ball python (D:4)
  6 giant cockroaches
  14 goblins
  7 hobgoblins
  10 jackals
  6 kobolds
  2 quokkas (D:7)
  4 bats
  5 frilled lizards
  2 gnoll zombies (Ossuary)
  A goblin zombie (Ossuary)
  A hobgoblin zombie (Ossuary)
  3 jackal zombies (Ossuary)
  A kobold zombie (Ossuary)
  3 leopard gecko skeletons
  2 orc zombies (Ossuary)
  3 quokka zombies (Ossuary)
  7 rats
  7 rat zombies (Ossuary)
206 creatures vanquished.

Vanquished Creatures (others)
  A worker ant (D:6)
1 creature vanquished.

Grand Total: 207 creatures vanquished

Notes
Turn   | Place    | Note
-------+----------+-------------------------------------------
     0 | D:1      | Alfie the Hill Orc Fighter began the quest for the Orb.
     0 | D:1      | Reached XP level 1. HP: 19/19 MP: 1/1
   200 | D:1      | Reached XP level 2. HP: 25/27 MP: 2/2
   614 | D:2      | Reached XP level 3. HP: 24/33 MP: 3/3
   685 | D:2      | Found a sacrificial altar of Ru.
   957 | D:2      | Reached XP level 4. HP: 33/40 MP: 4/4
  1304 | D:2      | Found a glowing silver altar of Zin.
  1343 | D:3      | Reached skill level 3 in Short Blades
  1361 | D:3      | Noticed an ogre
  1369 | D:3      | Killed an ogre
  1369 | D:3      | Reached XP level 5. HP: 36/46 MP: 5/5
  1461 | D:3      | Found an iron altar of Okawaru.
  1463 | D:3      | Found a sparkling altar of Nemelex Xobeh.
  1573 | D:3      | Reached skill level 1 in Dodging
  1869 | D:3      | Found a shadowy altar of Dithmenos.
  2039 | D:3      | Reached XP level 6. HP: 47/53 MP: 6/6
  2308 | D:4      | Found a sand-covered staircase.
  2320 | Ossuary  | Entered an ossuary
  2386 | Ossuary  | Reached skill level 4 in Short Blades
  2575 | Ossuary  | Reached XP level 7. HP: 36/60 MP: 7/7
  2920 | D:4      | Reached skill level 5 in Short Blades
  2920 | D:4      | Reached skill level 5 in Armour
  2920 | D:4      | Reached skill level 5 in Shields
  2940 | D:4      | Found a sacrificial altar of Ru.
  3230 | D:4      | Noticed Menkaure
  3242 | D:4      | Killed Menkaure
  3242 | D:4      | Reached skill level 5 in Fighting
  3254 | D:4      | Found a runed door.
  3408 | D:4      | Noticed Crazy Yiuf
  3420 | D:4      | Killed Crazy Yiuf
  3506 | D:4      | Noticed Robin
  3535 | D:4      | Killed Robin
  3695 | D:4      | Found a staircase to the Ecumenical Temple.
  3940 | D:5      | Entered Level 5 of the Dungeon
  3966 | D:5      | Noticed Eustachio
  3986 | D:5      | Killed Eustachio
  3986 | D:5      | Reached skill level 6 in Short Blades
  3986 | D:5      | Reached XP level 8. HP: 68/68 MP: 8/8
  4272 | D:5      | Noticed Alfie's ghost (novice HOFi)
  4311 | D:5      | Killed Alfie's ghost
  4311 | D:5      | Reached skill level 7 in Short Blades
  4468 | D:5      | Found a burning altar of Makhleb.
  4469 | D:5      | Found an opulent altar of Gozag.
  4471 | D:5      | Found a glowing golden altar of the Shining One.
  4685 | D:6      | Reached XP level 9. HP: 75/75 MP: 9/9
  4911 | D:6      | Learned a level 1 spell: Shock
  4928 | D:6      | Noticed Blork the orc
  4940 | D:6      | Killed Blork the orc
  4969 | D:6      | Noticed Grinder
  4998 | D:6      | Killed Grinder
  4998 | D:6      | Reached skill level 8 in Short Blades
  5086 | D:6      | Noticed Pikel
  5103 | D:6      | Killed Pikel
  5609 | D:7      | Found an opulent altar of Gozag.
  5874 | D:7      | Reached skill level 1 in Throwing
  5943 | D:7      | Found a shattered altar of Ashenzari.
  5977 | D:7      | Reached XP level 10. HP: 81/86 MP: 10/10
  5982 | D:7      | Reached skill level 9 in Short Blades
  6022 | D:7      | Learned a level 1 spell: Confusing Touch
  6305 | D:7      | Found a hazy altar of Hepliaklqana.
  6642 | D:8      | Found a staircase to the Lair.
  6643 | D:8      | Noticed Gastronok
  6671 | D:8      | HP: 2/86 [hell hound (8)]
  6674 | D:8      | Killed from afar by a hell hound

Skill      XL: |  1  2  3  4  5  6  7  8  9 10 |
---------------+-------------------------------+-----
Fighting       | 4 5 6 7 |  7.6
Armour         | 4 5 7 |  7.5
Short Blades   | 3 4 6 7 8 9 |  9.4
Shields        | 4 5 6 7 |  7.5
Dodging        | 1 2 3 |  3.5
Throwing       | 1 |  1.0
Stealth        | |  0.8

Action                   |  1- 3 |  4- 6 |  7- 9 | 10-12 || total
-------------------------+-------+-------+-------+-------++-------
Melee: Rapier            |    91 |   296 |   438 |   159 ||   984
Throw: Tomahawk          |       |       |     6 |       ||     6
  Use: Potion            |       |     2 |     1 |     2 ||     5
       Scroll            |       |       |    14 |       ||    14
  Eat: Bread ration      |       |     1 |     2 |       ||     3
       Chunk             |       |       |     2 |       ||     2
       Fruit             |       |       |     2 |       ||     2
       Meat ration       |       |       |     1 |       ||     1
Armor: Scale mail        |    24 |    89 |   139 |    45 ||   297
Dodge: Dodged            |    31 |    70 |    98 |    40 ||   239
Block: Shield            |    43 |   115 |   184 |    78 ||   420
